 Dungeon Crawl Stone Soup version 0.27-a0-412-g8dd771eca2 (webtiles) character file.

Game seed: 12421464898044365893

112 Morbidden the Chucker (level 4, -2/42 HPs)
             Began as a Troll Hunter on Feb 24, 2021.
             Shot with an arrow by a centaur (12 damage)
             ... on level 6 of the Dungeon.
             The game lasted 00:02:16 (1406 turns).

Morbidden the Chucker (Troll Hunter)                Turns: 1406, Time: 00:02:16

Health: -2/42      AC:  4    Str: 20    XL:     4   Next: 64%
Magic:  3/3        EV: 10    Int:  8    God:
Gold:   114        SH:  0    Dex: 10    Spells: 4/4 levels left

rFire    . . .     SeeInvis .     - Unarmed
rCold    . . .     Faith    .   (no shield)
rNeg     . . .     Spirit   .   b - +0 robe
rPois    .         Reflect  .   (helmet restricted)
rElec    .         Harm     .   (no cloak)
rCorr    .         Rampage  .   (gloves unavailable)
Will     .....                  (boots unavailable)
Stlth    +.........             (no amulet)
HPRegen  1.14/turn              (no ring)
MPRegen  0.08/turn              (no ring)

@: no status effects
A: large, unfitting armour, claws 3, regeneration 1, shaggy fur 1, tough skin 1
a: no special abilities


You were on level 6 of the Dungeon.
You visited 1 branch of the dungeon, and saw 4 of its levels.

You collected 114 gold pieces.

Inventory:

Hand Weapons
 g - a +0 hunting sling
Missiles
 a - 12 boomerangs
 c - 5 large rocks
 d - 2 throwing nets
 e - 12 poisoned darts (quivered)
Armour
 b - a +0 robe (worn)
Scrolls
 f - a scroll of random uselessness {unknown}
 h - a scroll of enchant weapon {unknown}
 i - 2 scrolls of blinking {unknown}
 j - a scroll of fear {unknown}
 k - a scroll of noise {unknown}
 p - 2 scrolls of identify {unknown}
 q - a scroll of fog {unknown}
Potions
 l - a potion of heal wounds {unknown}
 m - 5 potions of curing {unknown}
 n - a potion of mutation {unknown}
 o - a potion of might {unknown}


   Skills:
 * Level 2.0 Fighting
 * Level 4.5 Throwing
 + Level 1.8 Dodging
 + Level 0.5 Stealth
 + Level 1.7 Unarmed Combat
 * Level 0.5 Spellcasting


You had 4 spell levels left.
You didn't know any spells.
Your spell library was empty.

Dungeon Overview and Level Annotations

Branches:
Dungeon (3/15)

Altars:


Innate Abilities, Weirdness & Mutations

You are too large for most types of armour.
You have claws for hands.
Your natural rate of healing is unusually fast.
You are covered in fur. (AC +1)
You have tough skin. (AC +1)


Message History

You are too injured to fight recklessly!
You are too injured to fight recklessly!
You are too injured to fight recklessly!
You claw the ogre!
The ogre is moderately wounded.
The ogre barely misses you.
You scratch the ogre.
The ogre is heavily wounded.
The ogre hits you with a +0 giant club.
You barely miss the ogre.
The ogre is moderately wounded.
Unknown command.
You see here 4 gold pieces.
The ogre hits you with a +0 giant club!
* * * LOW HITPOINT WARNING * * *
Found a stone staircase leading down.
Really walk into that dispersal trap?
You enter a dispersal trap!
The giant cockroach blinks!
You blink.
A centaur comes into view.
The centaur shouts!
The centaur wields a +0 shortbow.
The centaur shoots an arrow.
The arrow hits you!
* * * LOW HITPOINT WARNING * * *
Unknown command.
The giant cockroach bites you but does no damage.
Really walk into that dispersal trap?
You enter a dispersal trap!
The ogre blinks!
The giant cockroach blinks!
The ogre blinks!
You blink.
The giant cockroach waves its antennae.
The centaur shoots an arrow.
The arrow hits you!
* * * LOW HITPOINT WARNING * * *
The centaur shoots an arrow.
The arrow closely misses you.
The centaur shoots an arrow.
The arrow hits you!
* * * LOW HITPOINT WARNING * * *
The centaur shoots an arrow.
The arrow barely misses you.
Unknown command.
The centaur shoots an arrow.
The arrow hits you but does no damage.
Unknown command.
The centaur shoots an arrow.
The arrow hits you!
You die...

.§...'....+.#
#.#.##....###
.§.B##....#
#.#.####### #.#.#
#.#.#######
#..........
##..###############
#.B.....c......@.#
################.#
... ##.# .# #


You could see a centaur.

Vanquished Creatures
  4 adders
  2 dart slugs (D:1)
  3 leopard geckos
  5 orcs (D:3)
  A ball python (D:2)
  3 giant cockroaches
  5 goblins
  7 hobgoblins
  6 jackals
  A quokka (D:6)
  7 bats
  2 frilled lizards (D:1)
  7 kobolds (D:1)
  7 rats
60 creatures vanquished.

Notes
Turn   | Place    | Note
-------+----------+-------------------------------------------
     0 | D:1      | Morbidden the Troll Hunter began the quest for the Orb.
     0 | D:1      | Reached XP level 1. HP: 19/19 MP: 0/0
   150 | D:1      | Reached XP level 2. HP: 28/28 MP: 1/1
   152 | D:1      | Reached skill level 4 in Throwing
   443 | D:1      | Reached XP level 3. HP: 35/35 MP: 2/2
  1071 | D:2      | Reached skill level 1 in Unarmed Combat
  1071 | D:2      | Reached XP level 4. HP: 38/42 MP: 3/3
  1334 | D:3      | You fall into a shaft and drop 3 floors!
  1374 | D:6      | Noticed an ogre
  1390 | D:6      | Noticed a centaur
  1406 | D:6      | Shot with an arrow by a centaur

Illustrated notes

Levels and vault maps discovered:
D:1:      dpeg_arrival_lava_temple_mockup, layout_loops_cross, serial_rivers,
          chequers_serial_rivers_small_3, chequers_serial_rivers_micro_d,
          chequers_serial_rivers_marsh, chequers_serial_rivers_micro_e
D:2:      layout_rooms
D:3:      layout_basic, marbit_many_paths
D:6:      layout_basic, nicolae_overflow_hidden_temple,
          eat_drink_and_be_merry_uskayaw, due_unseen_surprise

Skill      XL: |  1  2  3 |
---------------+----------+-----
Throwing       | 4 |  4.5
Fighting       | 2 |  2.0
Unarmed Combat | 1 |  1.7
Dodging        | |  1.8
Stealth        | |  0.5
Spellcasting   | |  0.5

Action                   |  1- 3 |  4- 6 || total
-------------------------+-------+-------++-------
Melee: Unarmed           |   111 |    68 ||   179
       Short sword       |     5 |       ||     5
       Punch             |     1 |       ||     1
Throw: Dart              |     6 |       ||     6
 Stab: Sleeping          |     1 |       ||     1
Armor: Robe              |    42 |    31 ||    73
Dodge: Dodged            |    71 |    52 ||   123

Table legend: (Time is in decaauts)
 A = Elapsed time spent in this place.
 B = Non-inter-level travel time spent in this place.
 C = Inter-level travel time spent in this place.
 D = Time resting spent in this place.
 E = Time spent auto-exploring this place.
 F = Levels seen in this place.
 G = Mean time per level.
                   A        B        C        D        E       F      G
               +--------+--------+--------+--------+--------+-----+--------+
         Total |   1414 |   1372 |     42 |      0 |    965 |   4 |  353.5 |
       Dungeon |   1414 |   1372 |     42 |      0 |    965 |   4 |  353.5 |
               +--------+--------+--------+--------+--------+-----+--------+

Top non-repeatable levels by time:
     D:1: 766 daAuts
     D:2: 462 daAuts
     D:3: 114 daAuts
     D:6: 71 daAuts
